 Dungeon Crawl Stone Soup version 0.29-a0-998-g1987434951 (webtiles) character file.

Game seed: 15189508641225034053

2247 didgeridoom the Cleaver (level 9, -3/79 HPs)
             Began as a Minotaur Berserker on Apr 17, 2022.
             Was a Priest of Trog.
             Killed from afar by a gargoyle (21 damage)
             ... with a stone arrow
             ... on level 6 of the Dungeon on Aug 5, 2022.
             The game lasted 00:26:06 (6384 turns).

didgeridoom the Cleaver (Minotaur Berserker)        Turns: 6384, Time: 00:26:06

Health: -3/79      AC: 13    Str: 26    XL:     9   Next: 15%
Magic:  8/8        EV: 10    Int:  4    God:    Trog [***...]
Gold:   299        SH:  0    Dex: 10    Spells: 8/8 levels left

rFire   . . .      SeeInvis .   m - +1 war axe
rCold   . . .      Faith    .   (no shield)
rNeg    . . .      Spirit   .   j - +3 chain mail {rPois}
rPois   +          Reflect  .   (helmet restricted)
rElec   .          Harm     .   (no cloak)
rCorr   .          Rampage  .   (no gloves)
Will    .....                   (no boots)
Stlth   ..........              (no amulet)
HPRegen 0.23/turn               (no ring)
MPRegen 0.11/turn               (no ring)

@: no status effects
A: horns 2, retaliatory headbutt
a: Renounce Religion, Berserk, Trog's Hand


You were on level 6 of the Dungeon.
You worshipped Trog.
Trog was most pleased with you.
You visited 1 branch of the dungeon, and saw 6 of its levels.

You collected 299 gold pieces.

Inventory:

Hand Weapons
 a - a +0 hand axe
 m - a +1 war axe (weapon)
Armour
 b - a +0 animal skin
 h - a +0 ring mail
 j - a +3 chain mail of poison resistance (worn)
 q - a +3 ring mail
Jewellery
 d - an amulet of magic regeneration
 n - an amulet of faith
Wands
 s - a wand of iceblast (4)
Scrolls
 f - a scroll of teleportation {unknown}
 g - 2 scrolls of identify {unknown}
 r - a scroll of fear
 t - a scroll of amnesia {unknown}
 u - a scroll of magic mapping
Potions
 c - a potion of degeneration {unknown}
 e - a potion of flight {unknown}
 i - a potion of heal wounds {unknown}
 k - 2 potions of curing
 l - a potion of cancellation {unknown}
 o - a potion of lignification {unknown}
 p - a potion of berserk rage {unknown}


   Skills:
 + Level 7.5 Fighting
 * Level 9.9 Axes
 + Level 6.9 Armour
 + Level 6.3 Dodging


You had 8 spell levels left.
You didn't know any spells.
Your spell library was empty.

Dungeon Overview and Level Annotations

Branches:
Dungeon (6/15)             Temple (0/1) D:5

Altars:
Cheibriados
Elyvilon
Gozag
Makhleb
Qazlal
Xom


Innate Abilities, Weirdness & Mutations

You have a pair of horns on your head.
You reflexively headbutt those who attack you in melee.


Message History

The jelly is moderately wounded.
The jelly hits you but does no damage.
You hit the jelly but do no damage.
Your hands burn!
You headbutt the jelly.
The jelly is heavily wounded.
The jelly hits you but does no damage.
You slash the jelly!
You kill the jelly!
Trog accepts your kill.
Okay, then.
Found 23 stones.
A gargoyle comes into view. It is wielding a +0 morningstar.
Press: ? - help, v - describe, . - travel
Here: a gargoyle, wielding a +0 morningstar The floor.
A gargoyle is nearby!
Press: ? - help, v - describe, . - travel
Here: a gargoyle, wielding a +0 morningstar The floor.
Press: ? - help, . - travel You can't see that place.
You see here 23 stones.
The gargoyle hits you with a +0 morningstar!
You barely miss the gargoyle.
The gargoyle hits you with a +0 morningstar!
You hit the gargoyle but do no damage.
The gargoyle hurls a stone arrow at you.
The stone arrow hits you!!
You hit the gargoyle but do no damage.
The gargoyle hurls a stone arrow at you.
The stone arrow hits you!
* * * LOW HITPOINT WARNING * * *
You slash the gargoyle! You headbutt the gargoyle.
The gargoyle is heavily damaged.
The gargoyle barely misses you. You furiously retaliate!
You headbutt the gargoyle, but do no damage.
You hit the gargoyle but do no damage. Your headbutt misses the gargoyle.
The gargoyle is heavily damaged.
The gargoyle hurls a stone arrow at you.
The stone arrow hits you!!
You die...

#.# . #.## .
###..######.# .#
#..........###.
#.##.#..###.#.
#.##.#..###..
#.##......#.####...
######.####..#.#9......#
.......####.....@#......
.#####.......#.#.# ##..#
.#####.#######.....# #
..>.##.### ###......
.#.......# #..###.#
[#..##.#.# #.... #
.......#.# #...#
##....##.# #...#
#..#.##.# #...# #


You could see a gargoyle.

Vanquished Creatures
  A two-headed ogre (D:6)
  Grinder (D:4)
  A water moccasin (D:5)
  A sky beast (D:5)
  2 black bears
  An ogre (D:5)
  A centaur (D:3)
  A kobold brigand (D:5)
  4 scorpions
  2 jellies
  5 killer bees (D:5)
  An orc priest (D:4)
  2 hounds
  3 orc wizards
  An iguana (D:4)
  Terence (D:2)
  4 adders
  2 worms
  3 dart slugs
  10 orcs
  5 bats
  10 endoplasms
  5 giant cockroaches
  10 goblins
  14 hobgoblins
  7 jackals
  2 quokkas
  7 ball pythons
  3 frilled lizards
  9 kobolds
  6 rats
125 creatures vanquished.

Vanquished Creatures (others)
  A plant (D:4)
1 creature vanquished.

Grand Total: 126 creatures vanquished

Notes
Turn   | Place    | Note
-------+----------+-------------------------------------------
     0 | D:1      | didgeridoom the Minotaur Berserker began the quest for the
                  | Orb.
     0 | D:1      | Reached XP level 1. HP: 19/19 MP: 0/0
   167 | D:1      | Reached XP level 2. HP: 25/27 MP: 1/1
   467 | D:1      | Reached skill level 4 in Axes
  1634 | D:2      | Reached XP level 3. HP: 33/33 MP: 2/2
  1704 | D:2      | Noticed Terence
  1710 | D:2      | Killed Terence
  2143 | D:2      | Reached XP level 4. HP: 40/40 MP: 3/3
  2488 | D:3      | Reached ** piety under Trog
  2666 | D:3      | Found an opulent altar of Gozag.
  2700 | D:3      | Found a snail-covered altar of Cheibriados.
  2768 | D:3      | Reached skill level 5 in Axes
  2930 | D:3      | Reached XP level 5. HP: 40/47 MP: 4/4
  3369 | D:3      | Noticed a centaur
  3375 | D:3      | Killed a centaur
  3772 | D:4      | Noticed Grinder
  3779 | D:4      | Paralysed by Grinder for 3 turns
  3788 | D:4      | Killed Grinder
  3789 | D:4      | Reached skill level 5 in Fighting
  3789 | D:4      | Reached skill level 6 in Axes
  3789 | D:4      | Reached XP level 6. HP: 56/56 MP: 5/5
  3969 | D:4      | Reached XP level 7. HP: 58/61 MP: 6/6
  4050 | D:4      | Reached *** piety under Trog
  4711 | D:4      | Reached skill level 7 in Axes
  5054 | D:5      | Entered Level 5 of the Dungeon
  5055 | D:5      | Found a large runed translucent door.
  5056 | D:5      | Found a large runed translucent door.
  5062 | D:5      | Found a shimmering altar of Xom.
  5065 | D:5      | Identified the +9 rapier of Discord {chaos, Drain rF+++
                  | Str-4 Int+4}
  5080 | D:5      | Reached skill level 5 in Armour
  5137 | D:5      | Found a white marble altar of Elyvilon.
  5138 | D:5      | Found a burning altar of Makhleb.
  5160 | D:5      | Found a shimmering altar of Xom.
  5160 | D:5      | Found a stormy altar of Qazlal.
  5312 | D:5      | Reached skill level 5 in Dodging
  5312 | D:5      | Reached XP level 8. HP: 70/70 MP: 7/7
  5412 | D:5      | Reached skill level 8 in Axes
  5556 | D:5      | Found a staircase to the Ecumenical Temple.
  6238 | D:6      | Reached skill level 9 in Axes
  6240 | D:6      | Upgraded the game from 0.29-a0-338-g1ff7896281 to
                  | 0.29-a0-998-g1987434951
  6247 | D:6      | Noticed a two-headed ogre
  6257 | D:6      | Killed a two-headed ogre
  6258 | D:6      | Reached XP level 9. HP: 65/79 MP: 8/8
  6374 | D:6      | Noticed a gargoyle
  6384 | D:6      | Killed from afar by a gargoyle

Illustrated notes

Levels and vault maps discovered:
D:1:      minmay_arrival_solitary_statue, layout_basic, minivault_14
D:2:      layout_loops_ring, minmay_misc_feat_alley, uniq_terence
D:3:      layout_basic, mainiacjoe_overflow_two_lobes
D:4:      layout_loops_corners, corexii_shack, uniq_grinder
D:5:      due_chaos_kobolds, layout_loops_ring, mainiacjoe_overflow_alcove_3,
          minmay_temple_entry_antechambers
D:6:      layout_loops_cross, serial_shops, nicolae_take_the_stairs, uniq_pikel

Skill      XL: |  1  2  3  4  5  6  7  8 |
---------------+-------------------------+-----
Axes           | 4 5 6 7 9 |  9.9
Fighting       | 4 5 6 7 |  7.5
Armour         | 3 4 5 6 |  6.9
Dodging        | 3 4 5 6 |  6.3

Action                   |  1- 3 |  4- 6 |  7- 9 || total
-------------------------+-------+-------+-------++-------
Melee: Hand axe          |    62 |       |       ||    62
       Headbutt          |    11 |    13 |    25 ||    49
       War axe           |     5 |    89 |   137 ||   231
       Punch             |       |     2 |     1 ||     3
Invok: Berserk           |     1 |     1 |     4 ||     6
  Use: Scroll            |       |     5 |       ||     5
       Potion            |       |     1 |       ||     1
 Stab: Distracted        |     1 |       |       ||     1
Armor: Animal skin       |    11 |       |       ||    11
       Chain mail        |     8 |    56 |    86 ||   150
Dodge: Dodged            |    46 |    51 |    69 ||   166

Table legend: (Time is in decaauts)
 A = Elapsed time spent in this place.
 B = Non-inter-level travel time spent in this place.
 C = Inter-level travel time spent in this place.
 D = Time resting spent in this place.
 E = Time spent auto-exploring this place.
 F = Levels seen in this place.
 G = Mean time per level.
                   A        B        C        D        E       F      G
               +--------+--------+--------+--------+--------+-----+--------+
         Total |   6481 |   6244 |    237 |   1584 |   3275 |   6 | 1080.2 |
       Dungeon |   6481 |   6244 |    237 |   1584 |   3275 |   6 | 1080.2 |
               +--------+--------+--------+--------+--------+-----+--------+

Top non-repeatable levels by time:
     D:2: 1507 daAuts
     D:4: 1429 daAuts
     D:3: 1309 daAuts
     D:5: 1203 daAuts
     D:1: 877 daAuts
     D:6: 154 daAuts
